 Dungeon Crawl Stone Soup version 0.29.1-1-gd02db6906a (webtiles) character file.

Game seed: 15157652584822957

68 wingedge the Insei (level 4, -4/35 HPs)
             Began as a Human Wanderer on Oct 1, 2022.
             Slain by a gnoll
             ... wielding a +0 halberd
              (8 damage)
             ... on level 2 of the Dungeon.
             The game lasted 00:09:17 (2005 turns).

wingedge the Insei (Human Wanderer)                 Turns: 2005, Time: 00:09:17

Health: -4/35      AC:  7    Str: 12    XL:     4   Next: 41%
Magic:  5/5        EV: 10    Int: 11    God:
Gold:   70         SH:  0    Dex: 16    Spells: 5/5 levels left

rFire   . . .      SeeInvis .   a - +5 mace
rCold   . . .      Faith    .   (no shield)
rNeg    . . .      Spirit   .   q - +0 ring mail {Will+}
rPois   .          Reflect  .   (no helmet)
rElec   .          Harm     .   m - +0 cloak
rCorr   .          Rampage  .   c - +0 pair of gloves
Will    +....                   (no boots)
Stlth   ..........              (no amulet)
HPRegen 0.11/turn               (no ring)
MPRegen 0.09/turn               (no ring)

@: silenced
A: no striking features
a: no special abilities


You were on level 2 of the Dungeon.
You visited 1 branch of the dungeon, and saw 2 of its levels.

You collected 70 gold pieces.

Inventory:

Hand Weapons
 a - a +5 mace (weapon)
 b - a +0 sling
 l - a +2 hand axe
Missiles
 g - 4 javelins (quivered)
Armour
 c - a +0 pair of gloves (worn)
 k - a +1 leather armour of fire resistance
 m - a +0 cloak (worn)
 q - a +0 ring mail of willpower (worn)
Magical Staves
 e - a staff of conjuration
Scrolls
 p - 2 scrolls of immolation
Potions
 f - a potion of flight
 h - a potion of curing
 i - a potion of brilliance {unknown}
 o - a potion of cancellation {unknown}


   Skills:
 + Level 3.4 Fighting
 - Level 2.0 Axes
 - Level 1.0 Dodging
 - Level 1.0 Stealth
 - Level 5.0 Unarmed Combat
 - Level 1.0 Spellcasting
 - Level 1.0 Evocations


You had 5 spell levels left.
You didn't know any spells.
Your spell library contained the following spells:

 Spells                   Type           Power      Damage    Failure   Level
 Call Canine Familiar     Summ           0%         N/A       91%         3
 Portal Projectile        Hex/Tloc       0%         N/A       91%         3
 Leda's Liquefaction      Hex/Erth       0%         N/A       100%        4


Dungeon Overview and Level Annotations

Branches:
Dungeon (2/15)

Altars:
Ru

Shops:
D:2 [

Annotations:
D:2 Sigmund


Message History

The bat hits you but does no damage.
There is an open door here.
Okay, then.
You feel better. The bat hits you but does no damage.
The gnoll hits you with a +0 club.
You miss the bat. The bat barely misses you.
The gnoll hits you from afar with a +0 halberd.
The gnoll misses you. The bat hits you but does no damage.
Unknown command.
The bat hits you but does no damage. The bat closely misses you.
The bat attacks as you move away! The bat misses you.
The gnoll attacks as you move away! The gnoll hits you but does no damage.
The bat hits you but does no damage. The bat hits you but does no damage.
The gnoll attacks as you move away! The gnoll closely misses you.
The bat hits you but does no damage. The bat hits you but does no damage.
You sock the bat!
You kill the bat!
The gnoll hits you with a +0 club.
* * * LOW HITPOINT WARNING * * *
The gnoll attacks as you move away! The gnoll hits you but does no damage.
There is an open door here.
Things that are here:
a quokka skeleton; a jackal skeleton The gnoll attacks as you move away!
The gnoll closely misses you.
Sigmund appears from thin air!
Reactivating autopickup.
You feel better. The gnoll hits you but does no damage.
The gnoll hits you from afar with a +0 halberd.
As you read the scroll of silence, it crumbles to dust.
A profound silence engulfs you. The gnoll hits you with a +0 club.
The gnoll closely misses you.
You barely miss the gnoll. The gnoll hits you but does no damage.
The gnoll hits you from afar with a +0 halberd!
* * * LOW HITPOINT WARNING * * *
The gnoll hits you from afar with a +0 halberd!
You die...

###.........####..###.##
............'....## ##..
##..........####..###.##
#.#...g...## ##..#.##
#.##.....## ###.## #
##@hg## #.# ##g## #.#
#g##### #.#
########@#...### #.#
.......#.#.#... ..#
#.......# ### #......##
#....#.# #.#.#.##.#
#........# ......#.####
#######.#


You could see Sigmund, 4 gnolls and a jackal.

Vanquished Creatures
  An adder (D:2)
  A gnoll (D:1)
  A worm (D:2)
  A dart slug (D:2)
  2 ball pythons
  6 endoplasms (D:1)
  3 goblins
  4 hobgoblins
  4 jackals
  5 kobolds
  3 quokkas
  4 bats
  2 frilled lizards
  3 rats
40 creatures vanquished.

Notes
Turn   | Place    | Note
-------+----------+-------------------------------------------
     0 | D:1      | wingedge the Human Wanderer began the quest for the Orb.
     0 | D:1      | wingedge set off with the following items: a +2 hand axe, a
                  | potion of curing, a +0 pair of gloves, a scroll of silence,
                  | a +0 leather armour.
     0 | D:1      | Reached XP level 1. HP: 13/13 MP: 1/1
   193 | D:1      | Reached skill level 1 in Fighting
   238 | D:1      | Reached XP level 2. HP: 13/21 MP: 2/2
   390 | D:1      | Found a faded altar of an unknown god.
   504 | D:1      | Reached XP level 3. HP: 28/28 MP: 3/3
  1206 | D:2      | Found a sacrificial altar of Ru.
  1488 | D:2      | Found Zaegray's Antique Armour Emporium.
  1501 | D:2      | Reached skill level 1 in Spellcasting
  1501 | D:2      | Reached XP level 4. HP: 32/35 MP: 3/5
  1770 | D:2      | Noticed Sigmund
  2005 | D:2      | Slain by a gnoll

Illustrated notes

Levels and vault maps discovered:
D:1:      dpeg_arrival_rooms_c, layout_basic,
          hellmonk_ecumenical_altar_arch_garden, amcnicky_mini_corridor_feature
D:2:      layout_loops_corners, basic_altar, serial_shops,
          nicolae_shop_overgrown_old_shop, hex_medium, uniq_sigmund

Skill      XL: |  1  2  3 |
---------------+----------+-----
Fighting       | 1 2 3 |  3.4
Spellcasting   | 1 |  1.0
Axes           | |  2.0
Dodging        | |  1.0
Stealth        | |  1.0
Unarmed Combat | |  5.0
Evocations     | |  1.0

Action                   |  1- 3 |  4- 6 || total
-------------------------+-------+-------++-------
Melee: Hand axe          |    57 |       ||    57
       Mace              |    14 |    15 ||    29
       Punch             |     2 |       ||     2
 Fire: Sling             |    14 |       ||    14
Throw: Javelin           |       |     4 ||     4
  Use: Scroll            |       |     4 ||     4
       Potion            |       |     2 ||     2
 Stab: Sleeping          |     4 |     1 ||     5
Armor: Leather armour    |    16 |     1 ||    17
       Ring mail         |       |    32 ||    32
Dodge: Dodged            |    34 |    39 ||    73
